 Dungeon Crawl Stone Soup version 0.23.2-1-ga50397a6bc (webtiles) character file.

Game seed: 4842487018840118685

77 Mrkan the Poker (level 4, -2/32 HPs)
             Began as a Gnoll Wanderer on May 13, 2019.
             Was an Initiate of Ashenzari.
             Slain by an adder (3 damage)
             ... on level 2 of the Dungeon.
             The game lasted 00:04:37 (1296 turns).

Mrkan the Poker (Gnoll Wanderer)                    Turns: 1296, Time: 00:04:38

Health: -2/32      AC:  3    Str: 13    XL:     4   Next: 33%
Magic:  5/5        EV: 15    Int: 14    God:    Ashenzari [......]
Gold:   114        SH:  0    Dex: 20    Spells: 5/5 levels left

rFire    . . .     SeeInvis .   c - +0 spear
rCold    . . .     Gourm    .   (no shield)
rNeg     . . .     Faith    .   m - +0 leather armour
rPois    .         Spirit   .   (no helmet)
rElec    .         Reflect  .   (no cloak)
rCorr    .         Harm     .   (no gloves)
MR       .....                  (no boots)
Stlth    +++.......             (no amulet)
HPRegen  0.10/turn              g - +3 ring of dexterity
MPRegen  0.09/turn              (no ring)

@: lethally poisoned (-2 -> -3)
A: distributed training, fangs 1, strong nose
a: Curse Item, Renounce Religion


You were on level 2 of the Dungeon.
You worshipped Ashenzari.
Ashenzari was noncommittal.
You were not hungry.

You visited 1 branch of the dungeon, and saw 2 of its levels.

You collected 114 gold pieces.

Inventory:

Hand Weapons
 a - a +2 dagger
 c - a +0 spear (weapon)
Armour
 e - a +0 robe
 m - a +0 leather armour (worn)
Jewellery
 g - a +3 ring of dexterity (left hand)
Wands
 n - a wand of acid (9)
Scrolls
 h - 3 scrolls of identify {unknown}
 l - a scroll of fear {unknown}
 o - a scroll of remove curse
 p - a scroll of teleportation {unknown}
 q - a scroll of magic mapping {unknown}
Potions
 b - a potion of berserk rage
 d - a potion of lignification
 i - a potion of magic {unknown}
 j - a potion of curing {unknown}
 k - 2 potions of mutation {unknown}
 r - a potion of invisibility {unknown}
Comestibles
 f - 3 rations


   Skills:
 + Level 1.1 Fighting
 + Level 1.1 Short Blades
 + Level 1.1 Long Blades
 + Level 1.1 Axes
 + Level 1.1 Maces & Flails
 + Level 6.6 Polearms
 + Level 1.1 Staves
 + Level 1.1 Slings
 + Level 1.1 Bows
 + Level 1.1 Crossbows
 + Level 4.6 Throwing
 + Level 1.1 Armour
 + Level 4.6 Dodging
 + Level 6.0 Stealth
 + Level 1.1 Shields
 + Level 1.1 Unarmed Combat
 + Level 1.1 Spellcasting
 + Level 0.8 Conjurations
 + Level 0.8 Hexes
 + Level 0.8 Charms
 + Level 0.8 Summonings
 + Level 0.8 Necromancy
 + Level 0.8 Translocations
 + Level 0.8 Transmutations
 + Level 0.8 Fire Magic
 + Level 0.8 Ice Magic
 + Level 0.8 Air Magic
 + Level 0.8 Earth Magic
 + Level 0.8 Poison Magic
 + Level 1.2 Invocations
 + Level 1.1 Evocations


You had 5 spell levels left.
You didn't know any spells.
Your spell library was empty.

Dungeon Overview and Level Annotations

Branches:
Dungeon (2/15)

Altars:
Ashenzari


Innate Abilities, Weirdness & Mutations

Your experience applies equally to all skills.
You have very sharp teeth.
Your uncanny sense of smell can sniff out nearby items.


Message History

The adder is severely wounded.
The adder bites you.
* * * LOW HITPOINT WARNING * * *
You closely miss the adder.
The adder is severely wounded.
The adder bites you but does no damage.
You hit the adder.
The adder is almost dead.
The adder closely misses you.
You hit the adder but do no damage.
The adder is almost dead.
The adder barely misses you.
You closely miss the adder. You bite the adder, but do no damage.
The adder is almost dead.
* * * LOW HITPOINT WARNING * * *
You feel sick. The adder completely misses you.
You barely miss the adder.
The adder is almost dead.
The adder bites you.
You die...

#[# ...# #..# #..# ####### ###
#..# #...... ##.###..# #†####.
#.######.......# ######.####.
.........##...# #...........
###.........@# #.####.####.
#...####.S.#####.# #.####. #...#
######.>..# #...... #...#
##...## ####### #...#
####....#### . #...#
#..†.......#######
..#####...#####†##....#..#.....#
.........................#.....#
...............................#


You could see an adder.

Vanquished Creatures
  A gnoll (D:1)
  2 adders (D:2)
  An ooze (D:1)
  3 worms (D:2)
  A dart slug (D:2)
  2 giant cockroaches (D:1)
  4 goblins
  2 hobgoblins
  2 quokkas
  6 bats
  4 frilled lizards
  2 kobolds
  8 rats
38 creatures vanquished.

Notes
Turn   | Place    | Note
-------+----------+-------------------------------------------
     0 | D:1      | Mrkan the Gnoll Wanderer began the quest for the Orb.
     0 | D:1      | Mrkan set off with the following items: a +2 dagger, a
                  | potion of berserk rage, a +0 spear, a potion of
                  | lignification, a +0 robe, a ration
     0 | D:1      | Reached XP level 1. HP: 13/13 MP: 1/1
   106 | D:1      | Reached XP level 2. HP: 4/19 MP: 2/2
   284 | D:1      | Found a shattered altar of Ashenzari.
   300 | D:1      | Became a worshipper of Ashenzari the Shackled
   538 | D:1      | Reached XP level 3. HP: 20/25 MP: 3/3
   717 | D:2      | Reached skill level 1 in Invocations
   957 | D:2      | Reached skill level 1 in Fighting
   957 | D:2      | Reached skill level 1 in Short Blades
   957 | D:2      | Reached skill level 1 in Long Blades
   957 | D:2      | Reached skill level 1 in Axes
   957 | D:2      | Reached skill level 1 in Maces & Flails
   957 | D:2      | Reached skill level 1 in Staves
   957 | D:2      | Reached skill level 1 in Slings
   957 | D:2      | Reached skill level 1 in Bows
   957 | D:2      | Reached skill level 1 in Crossbows
   957 | D:2      | Reached skill level 1 in Armour
   957 | D:2      | Reached skill level 1 in Shields
   957 | D:2      | Reached skill level 1 in Unarmed Combat
   957 | D:2      | Reached skill level 1 in Spellcasting
   957 | D:2      | Reached skill level 1 in Evocations
  1032 | D:2      | Reached XP level 4. HP: 21/32 MP: 5/5
  1295 | D:2      | HP: 1/32 [poisoned by an adder]
  1296 | D:2      | Slain by an adder

Skill      XL: |  1  2  3 |
---------------+----------+-----
Stealth        | 6 |  6.0
Invocations    | 1 |  1.2
Fighting       | 1 |  1.1
Short Blades   | 1 |  1.1
Long Blades    | 1 |  1.1
Axes           | 1 |  1.1
Maces & Flails | 1 |  1.1
Staves         | 1 |  1.1
Slings         | 1 |  1.1
Bows           | 1 |  1.1
Crossbows      | 1 |  1.1
Armour         | 1 |  1.1
Shields        | 1 |  1.1
Unarmed Combat | 1 |  1.1
Spellcasting   | 1 |  1.1
Evocations     | 1 |  1.1
Polearms       | |  6.6
Throwing       | |  4.6
Dodging        | |  4.6
Conjurations   | |  0.8
Hexes          | |  0.8
Charms         | |  0.8
Summonings     | |  0.8
Necromancy     | |  0.8
Translocations | |  0.8
Transmutations | |  0.8
Fire Magic     | |  0.8
Ice Magic      | |  0.8
Air Magic      | |  0.8
Earth Magic    | |  0.8
Poison Magic   | |  0.8

Action                   |  1- 3 |  4- 6 || total
-------------------------+-------+-------++-------
Melee: Spear             |   128 |    53 ||   181
       Bite              |    17 |     6 ||    23
 Stab: Sleeping          |     6 |       ||     6
       Distracted        |     2 |       ||     2
  Eat: Ration            |       |     1 ||     1
Armor: Robe              |     9 |       ||     9
       Leather armour    |     6 |     7 ||    13
Dodge: Dodged            |    86 |    46 ||   132
